 Dungeon Crawl Stone Soup version 0.30-a0-1161-g0704695555 (webtiles) character file.

Game seed: 13710880276766174557

3526981 freelancePsychic the Rhythm of Life and Death (level 27, 161/161 HPs)
             Began as a Vine Stalker Delver on Apr 26, 2023.
             Was a Follower of Uskayaw.
             Escaped with the Orb
             ... and 5 runes on Apr 27, 2023!
             The game lasted 01:57:59 (60331 turns).

freelancePsychic (VSDe)                            Turns: 60331, Time: 01:58:00

Health: 161/161    AC: 53    Str: 26    XL:     27
Magic:  41/41      EV: 18    Int:  7    God:    Uskayaw [*.....]
Gold:   7102       SH: 12    Dex: 25    Spells: 26/26 levels left

rFire   + + .        b - +8 arc blade {discharge, rElec}
rCold   + + +        u - +3 buckler "Raelouw" {Regen+}
rNeg    . . .        J - +12 gold dragon scales
rPois   +            Q - +1 helmet of Articulation {rElec Will+}
rElec   +            M - scarf {rC+ rF+}
rCorr   .            p - +0 pair of gloves of Love and Death {rPois Regen+}
SInv    .            R - +2 pair of boots
Will    +++++        i - amulet of Hard Scrabble {Will+ Regen+ Int-3 Stlth+} Stlth
                     l - ring "Usiuk" {+Blink rElec rC+ Str+6}
HPRegen 3.66/turn    y - ring of the Tortoise {AC+8}
MPRegen 0.27/turn

%: guardian spirit
@: studying 3 skills
A: fangs 3, regeneration 1, magic shield, antimagic bite, no potion heal 2,
deterioration 1
0: Orb of Zot
}: 5/15 runes: decaying, slimy, silver, abyssal, gossamer
a: Renounce Religion, Evoke Blink, Stomp


You escaped.
You worshipped Uskayaw.
Uskayaw was exalted by your worship.
You visited 13 branches of the dungeon, and saw 58 of its levels.
You visited the Abyss 4 times.
You visited 1 bazaar.
You also visited: Gauntlet, Ice Cave and Desolation.

You collected 14078 gold pieces.
You spent 6976 gold pieces at shops.

Inventory:

Hand Weapons
 a - a +7 heavy quick blade
 b - the +8 arc blade (weapon) {discharge, rElec}
   (You acquired it on level 5 of the Pits of Slime)

   rElec:     It insulates you from electricity.
Missiles
 F - 3 throwing nets (quivered)
Armour
 p - the +0 pair of gloves of Love and Death (worn) {rPois Regen+}
   (You acquired it on level 5 of the Vaults)

   rPois:     It protects you from poison.
   Regen:     It increases your rate of health regeneration.
 u - the +3 buckler "Raelouw" (worn) {Regen+}
   (You took it off a deep elf annihilator on level 3 of the Elven Halls)

   Regen:     It increases your rate of health regeneration.
 J - +12 gold dragon scales (worn)
 M - a scarf of resistance (worn)
 Q - the +1 helmet of Articulation (worn) {rElec Will+}
   (You bought it in a shop in a bazaar)

   rElec:     It insulates you from electricity.
   Will:      It increases your willpower.
 R - a +2 pair of boots (worn)
Jewellery
 i - the amulet of Hard Scrabble (around neck) {Will+ Regen+ Int-3 Stlth+}
   (You found it in the Desolation of Salt)

   [amulet of regeneration]

   Int:       It affects your intelligence (-3).
   Regen:     It increases your rate of health regeneration.
   Will:      It increases your willpower.
   Stlth:     It makes you more stealthy.
 l - the ring "Usiuk" (left hand) {+Blink rElec rC+ Str+6}
   (You bought it in a shop on level 3 of the Elven Halls)

   [ring of strength]

   Str:       It affects your strength (+6).
   rC:        It protects you from cold.
   rElec:     It insulates you from electricity.
   +Blink:    It lets you blink.
 r - a +5 ring of evasion
 y - the ring of the Tortoise (right hand) {AC+8}
   (You bought it in a shop on level 1 of the Elven Halls)

   [ring of protection]

   AC:        It affects your AC (+8).
 L - the ring "Yqoxti" {rC+ Will+ Int+3 Dex+3}
   (You found it in the Desolation of Salt)

   [ring of protection from cold]

   Int:       It affects your intelligence (+3).
   Dex:       It affects your dexterity (+3).
   rC:        It protects you from cold.
   Will:      It increases your willpower.
 X - the ring of Xetzakk {Fire Int+2}
   (You took it off a deep elf blademaster on level 3 of the Elven Halls)

   [ring of fire]

   It enhances your fire magic.
   Int:       It affects your intelligence (+2).
   rF:        It protects you from fire.
   rC:        It makes you vulnerable to cold.
Wands
 d - a wand of acid (81)
 g - a wand of digging (24)
 o - a wand of mindburst (46)
 w - a wand of flame (114)
 N - a wand of paralysis (94)
 O - a wand of iceblast (64)
 V - a wand of polymorph (28)
Scrolls
 c - 3 scrolls of fog
 j - 7 scrolls of noise
 m - 5 scrolls of fear
 n - 25 scrolls of teleportation {@r4}
 q - 2 scrolls of blinking
 t - 19 scrolls of poison
 A - 5 scrolls of immolation
 K - 47 scrolls of identify {@r1}
 P - 3 scrolls of butterflies
 T - a scroll of enchant armour
 U - a scroll of silence
 Z - a scroll of magic mapping
Potions
 e - 4 potions of magic
 f - 3 potions of haste {@q3}
 h - 27 potions of curing {@q1}
 k - 5 potions of cancellation
 s - 14 potions of flight
 v - 21 potions of ambrosia
 x - 6 potions of berserk rage
 z - 11 potions of lignification
 B - 12 potions of attraction
 C - 5 potions of resistance
 D - 12 potions of mutation
 E - 10 potions of invisibility
 H - 8 potions of might
 S - 9 potions of brilliance
Miscellaneous
 G - a phial of floods
 I - a phantom mirror
 Y - a tin of tremorstones (2/2)


   Skills:
 + Level 21.9 Fighting
 - Level 14.0 Short Blades
 - Level 22.0 Armour
 + Level 17.5 Dodging
 - Level 9.1 Stealth
 - Level 15.7 Shields
 O Level 27 Invocations
 - Level 6.0 Evocations


You had 26 spell levels left.
You didn't know any spells.
Your spell library contained the following spells:

 Spells                   Type           Power      Damage    Failure   Level
 Apportation              Tloc           0%         N/A       99%         1
 Beastly Appendage        Tmut           0%         N/A       99%         1
 Foxfire                  Conj/Fire      0%         2x1d4     99%         1
 Freeze                   Ice            0%         1d3       99%         1
 Kiss of Death            Conj/Necr      0%         2d5       99%         1
 Magic Dart               Conj           0%         1d3       99%         1
 Necrotise                Necr           0%         1d4       99%         1
 Sandblast                Erth           0%         2d4       99%         1
 Slow                     Hex            0%         N/A       99%         1
 Summon Small Mammal      Summ           0%         N/A       99%         1
 Call Imp                 Summ           0%         N/A       100%        2
 Cigotuvi's Dreadful Rot  Necr/Pois/Air  0%         N/A       100%        2
 Ensorcelled Hibernation  Hex/Ice        0%         N/A       100%        2
 Lesser Beckoning         Tloc           0%         N/A       100%        2
 Passwall                 Tmut/Erth      0%         N/A       100%        2
 Poisonous Vapours        Pois/Air       0%         N/A       100%        2
 Call Canine Familiar     Summ           0%         N/A       100%        3
 Confusing Touch          Hex            0%         N/A       100%        3
 Dazzling Flash           Conj/Hex       0%         N/A       100%        3
 Frozen Ramparts          Ice            0%         1d1       100%        3
 Gell's Gravitas          Tloc           0%         N/A       100%        3
 Hailstorm                Conj/Ice       0%         3d3       100%        3
 Ignite Poison            Fire/Tmut/Pois 0%         N/A       100%        3
 Inner Flame              Hex/Fire       0%         N/A       100%        3
 Mephitic Cloud           Conj/Pois/Air  0%         N/A       100%        3
 Ozocubu's Armour         Ice            0%         N/A       100%        3
 Portal Projectile        Hex/Tloc       0%         N/A       100%        3
 Spider Form              Tmut/Pois      0%         N/A       100%        3
 Stone Arrow              Conj/Erth      0%         3d7       100%        3
 Summon Guardian Golem    Hex/Summ       0%         N/A       100%        3
 Swiftness                Air            0%         N/A       100%        3
 Teleport Other           Tloc           0%         N/A       100%        3
 Vampiric Draining        Necr           0%         2d6       100%        3
 Vhi's Electric Charge    Tloc/Air       0%         N/A       100%        3
 Volatile Blastmotes      Fire/Tloc      0%         2d10      100%        3
 Airstrike                Air            0%         2d(0-16)  100%        4
 Anguish                  Hex/Necr       0%         N/A       100%        4
 Animate Armour           Summ/Erth      0%         N/A       100%        4
 Animate Dead             Necr           0%         N/A       100%        4
 Cause Fear               Hex            0%         N/A       100%        4
 Dispel Undead            Necr           0%         3d6       100%        4
 Fulminant Prism          Conj/Hex       0%         3d5       100%        4
 Ice Form                 Ice/Tmut       0%         N/A       100%        4
 Iskenderun's Mystic Bla  Conj/Tloc      0%         2d3       100%        4
 Leda's Liquefaction      Hex/Erth       0%         N/A       100%        4
 Manifold Assault         Tloc           0%         N/A       100%        4
 Passage of Golubria      Tloc           0%         N/A       100%        4
 Petrify                  Tmut/Erth      0%         N/A       100%        4
 Sticky Flame             Conj/Fire      0%         2d3       100%        4
 Summon Ice Beast         Ice/Summ       0%         N/A       100%        4
 Agony                    Necr           0%         N/A       100%        5
 Alistair's Intoxication  Tmut/Pois      0%         N/A       100%        5
 Arcjolt                  Conj/Air       0%         1d10      100%        5
 Blade Hands              Tmut           0%         N/A       100%        5
 Borgnjor's Vile Clutch   Necr/Erth      0%         N/A       100%        5
 Freezing Cloud           Conj/Ice/Air   0%         6-21      100%        5
 Irradiate                Conj/Tmut      0%         3d11      100%        5
 Lee's Rapid Deconstruct  Erth           0%         3d4*      100%        5
 Metabolic Englaciation   Hex/Ice        0%         N/A       100%        5
 Silence                  Hex/Air        0%         N/A       100%        5
 Summon Forest            Summ/Tloc      0%         N/A       100%        5
 Summon Mana Viper        Hex/Summ       0%         N/A       100%        5
 Death Channel            Necr           0%         N/A       100%        6
 Dispersal                Tloc           0%         N/A       100%        6
 Eringya's Noxious Bog    Tmut/Pois      0%         N/A       100%        6
 Plasma Beam              Fire/Air       0%         2x1d11    100%        6
 Simulacrum               Ice/Necr       0%         N/A       100%        6
 Starburst                Conj/Fire      0%         6d3       100%        6
 Statue Form              Tmut/Erth      0%         N/A       100%        6
 Dragon Form              Tmut           0%         N/A       100%        7
 Enfeeble                 Hex            0%         N/A       100%        7
 Malign Gateway           Summ/Tloc      0%         N/A       100%        7
 Orb of Destruction       Conj           0%         9d5       100%        7
 Ozocubu's Refrigeration  Ice            0%         4d7       100%        7
 Spellforged Servitor     Conj/Summ      0%         N/A       100%        7
 Storm Form               Tmut/Air       0%         N/A       100%        7
 Summon Hydra             Summ           0%         N/A       100%        7
 Disjunction              Tloc           0%         N/A       100%        8
 Summon Horrible Things   Summ           0%         N/A       100%        8
 Chain Lightning          Conj/Air       0%         N/A       100%        9
 Fire Storm               Conj/Fire      0%         5d1       100%        9
 Polar Vortex             Ice            0%         N/A       100%        9
 Shatter                  Erth           0%         3d5*      100%        9


Dungeon Overview and Level Annotations

Branches:
Dungeon (15/15)            Temple (0/1) D:6            Lair (5/5) D:9
  Swamp (4/4) Lair:3       Spider (4/4) Lair:2        Slime (5/5) Lair:5
    Orc (2/2) D:11            Elf (3/3) Orc:2        Vaults (5/5) D:14
  Crypt (3/3) Vaults:3       Tomb (0/3) Crypt:3      Depths (4/4) D:15
   Hell (visited)             Dis (0/7) Hell            Geh (0/7) Hell
    Coc (2/7) Hell            Tar (0/7) Hell            Zot (5/5) Depths:4
  IceCv (visited)         Desolation (visited)      Gauntlet (visited)

Altars:
Ashenzari
Elyvilon
Fedhas
Kikubaaqudgha
Makhleb
Okawaru
Ru
Sif Muna
Uskayaw
Wu Jian
Xom
Yredelemnul
Zin
Jiyva

Shops:
Orc:1 =   Orc:2 (:[[*   Elf:1 *:=:=   Elf:2 !   Elf:3 !=   Vaults:1 [

Portals:
Hell: Depths:1 Depths:2 Depths:3 Depths:4
Abyss: Elf:1 Depths:2 Depths:3
Pandemonium: Depths:2
Ziggurat: Depths:1
Trove: D:10 (give +5 ice dragon scales)

Annotations:
D:11 exclusions: cyclops and two-headed ogre
Elf:1 2 transporters, Fabaskic's ghost, journeyman FoFi
Elf:2 5 runed translucent doors
Depths:3 2 transporters, exclusion: obsidian statue
Zot:1 2 transporters


Innate Abilities, Weirdness & Mutations

You have razor-sharp teeth.
Your natural rate of healing is unusually fast.
When hurt, damage is shared between your health and your magic reserves.
Your bite disrupts and absorbs the magic of your enemies.
Potions cannot restore your health.
Your body sometimes deteriorates upon taking damage.


Message History

The lightning grounds out.
You bite the soul eater!
The soul eater's magic leaks into the air.
You drain its magic.
You feel invigorated.
The soul eater is severely wounded.
You barely miss the soul eater. Your bite misses the soul eater.
The soul eater is severely wounded.
You hit the soul eater. You bite the soul eater!
The soul eater's magic leaks into the air.
You drain its magic.
The soul eater is almost dead.
You block the soul eater's attack.
You puncture the soul eater!
The arc blade crackles.
The air crackles with electrical energy.
You kill the soul eater!
(D) Dungeon (T) Temple (L) Lair (S) Swamp (N) Spider Nest (M) Slime Pits (O) Orcish Mines (E) Elven Halls (V) Vaults (C) Crypt (W) Tomb (U) Depths (H) Hell (I) Dis (G) Gehenna (X) Cocytus (Y) Tartarus (Z) Zot
Where to? (Enter - D:1 @ (x,y), ? - help)
Your extra speed is starting to run out.
There is a stone staircase leading up here.
You climb upwards.
There is a stone staircase leading down here.
You feel yourself slow down.
There is a stone staircase leading up here.
You climb upwards.
There is a stone staircase leading down here.
There is a stone staircase leading up here.
You climb upwards.
There is a stone staircase leading down here.
You feel a little less mighty now.
There is an open door here.
There is a stone staircase leading up here.
You climb upwards.
There is a stone staircase leading down here.
There is an escape hatch in the floor here.
There is an open door here.
There is a staircase leading out of the dungeon here.
You have escaped!

###.#####.# ##.##.# #...#
#.# #.# #.# #.##.# #...#
#.# #.#####.####.##.# #...#
#.# #............##.#
#...####.###
##.#####........#
#........... ##.#
#..####### #...........
#..# #..#
#PPP####.##...###.# #..#
#..###~~~##...##...# #.#
#..#####>..'..@..'.####...#
#.# #........####♣.♣####
#...# #..
###.###.########'#####
##..# ### #.#.#
#..............#####..#
....#
##############........#
#.#.# #######.## ....# #.#
# #.#.####### #.# #
..........# #.# ##


There were no monsters in sight!

Vanquished Creatures
  the Royal Jelly (Slime:5)
  4 dread liches
  6 orbs of fire
  Mara (Spider:4)
  3 ancient liches
  Bai Suzhen (Vaults:5)
  9 Killer Klowns
  7 curse toes
  The ghost of NeonRainbow the Wrestler, a veteran TrFi of Okawaru (Depths:4)
  Geryon (Hell)
  the Lernaean hydra (Swamp:4)
  Saint Roka (Crypt:3)
  A caustic shrike (Depths:2)
  8 golden dragons
  Arachne (Spider:4)
  2 profane servitors
  3 bone dragons
  2 electric golems
  2 walking crystal tomes
  A pandemonium lord (D:7)
  Jorgrun (Lair:3)
  17 tentacled monstrosities
  8 liches
  26 Orb Guardians (Zot:5)
  3 deep elf blademasters (Elf:3)
  4 titans
  7 quicksilver dragons
  17 acid blobs
  A deep elf master archer (Elf:3)
  7 sphinxes
  7 tengu reavers
  6 tentacled starspawn
  9 death cobs
  3 Executioners
  7 ancient champions
  12 storm dragons
  3 thorn hunters
  Donald (Crypt:2)
  3 fenstrider witches
  10 draconian monks
  12 shadow dragons
  5 revenants
  13 rockslimes (Slime:5)
  7 azure jellies
  7 fire giants
  10 frost giants
  2 iron dragons
  2 daevas
  22 vault wardens
  2 draconian knights
  Aizul (Spider:1)
  4 balrugs
  2 imperial myrmidons (Desolation)
  2 emperor scorpions
  12 ghost moths
  31 starcursed masses
  8 draconian shifters
  11 ghouls
  A draconian scorcher (Zot:1)
  4 deep elf sorcerers
  A curse skull (Crypt:3)
  3 orc warlords
  7 deep elf elementalists (Elf:3)
  4 draconian annihilators
  A demonspawn corrupter (Depths:1)
  2 spriggan defenders (Depths:1)
  22 stone giants
  3 draconian stormcallers
  12 ironbound preservers
  3 war gargoyles
  3 quicksilver oozes
  A broodmother (Spider:1)
  10 ironbound thunderhulks
  7 deep elf demonologists
  37 very ugly things
  5 reapers
  A demonspawn blood saint (Depths:1)
  3 eleionomae
  7 deep elf annihilators
  4 green draconians
  An elemental wellspring (Coc:1)
  5 vampire knights
  7 dire elephants
  3 halazid warlocks (Desolation)
  4 bunyips
  2 wendigos (Coc:1)
  9 black draconians
  8 yellow draconians
  11 red draconians
  3 white draconians
  11 purple draconians
  6 spark wasps
  7 blizzard demons
  A minotaur (Gauntlet)
  6 deep elf death magi
  A green death (Abyss:2)
  4 crystal guardians
  3 eidola
  An acid blob zombie (Crypt:3)
  A merfolk impaler (Abyss:5)
  18 ettins
  8 fire dragons
  7 ragged hierophants (Desolation)
  5 jiangshi
  12 yaktaur captains
  4 deep elf high priests
  11 great orbs of eyes
  9 rakshasas
  6 entropy weavers
  2 hell beasts
  5 servants of whispers (Desolation)
  10 ice dragons
  20 hydras
  2 spriggan air magi
  12 ironbound frosthearts
  7 peacekeepers
  2 caustic shrike simulacra (Coc:1)
  A merfolk avatar (Lair:5)
  2 ogre magi
  32 vault guards
  4 jorogumos
  3 ghost crabs
  14 dancing weapons
  A radroach (Spider:4)
  13 centaur warriors
  2 spriggan skeletons (Crypt:2)
  An Orb Guardian skeleton (Crypt:3)
  4 alligators
  9 boulder beetles
  9 tengu warriors
  2 death knights
  3 death yaks (D:9)
  21 thrashing horrors
  5 deep troll shamans
  A naga warrior (Abyss:2)
  9 two-headed ogres
  4 hell hogs
  7 deep troll earth magi
  A titan zombie (Abyss:2)
  7 death scarabs (Spider:4)
  6 orc high priests
  6 vampire magi
  6 soul eaters
  Sonja (D:11)
  Urug (Lair:2)
  5 sun demons
  21 hell knights
  8 deep elf knights
  A shadow wraith (Crypt:2)
  4 sun moths
  28 skeletal warriors
  3 wretched stars
  6 pharaoh ants
  2 sixfirhies (Abyss:2)
  A golden dragon zombie (Crypt:1)
  44 deep trolls
  10 iron trolls
  4 glowing orange brains
  8 goliath frogs
  8 swamp dragons
  A quicksilver dragon simulacrum (Coc:1)
  20 large abominations
  9 wizards
  19 bog bodies
  A spriggan druid (Swamp:3)
  6 flayed ghosts
  A shadow demon (D:12)
  A spectral jorogumo (Spider:4)
  3 orb spiders (Spider:4)
  20 deep elf zephyrmancers
  A shadow dragon zombie (D:15)
  14 lindwurms
  10 necromancers
  15 phantasmal warriors
  24 ironbound convokers
  13 deep elf archers
  12 wolf spiders
  11 steelbarb worms
  8 orc knights
  A harpy (Lair:5)
  A shining eye (Slime:3)
  29 deep elf pyromancers
  2 tengu skeletons
  A broodmother zombie (Spider:4)
  8 will-o-the-wisps
  5 cyclopes
  A spectral wolf spider (Spider:4)
  29 ugly things
  2 fire giant zombies
  6 orc sorcerers
  A goliath frog skeleton (Crypt:1)
  6 manticores
  23 moths of wrath
  A salamander (Abyss:2)
  A worldbinder (Abyss:2)
  A frost giant skeleton (Crypt:3)
  A moth of wrath (shapeshifter) (Vaults:5)
  An elephant (Lair:5)
  18 vault sentinels
  5 rust devils
  2 apocalypse crabs (Abyss:2)
  3 molten gargoyles (Hell)
  4 black mambas
  2 guardian serpents
  2 ice statues
  9 demonic crawlers
  2 centaur zombies (D:10)
  4 torpor snails
  An orange demon (Depths:2)
  A centaur skeleton (Abyss:2)
  9 cane toads
  2 eyes of devastation
  2 naga skeletons
  A gargoyle (D:12)
  A stone giant skeleton (Crypt:2)
  A fire giant skeleton (D:15)
  18 smoke demons
  4 spriggan zombies
  A black draconian zombie (Crypt:1)
  5 freezing wraiths
  18 ice devils
  3 kobold demonologists
  A yaktaur zombie (Vaults:4)
  9 rime drakes
  2 spectral redbacks (Spider:4)
  9 komodo dragons
  4 efreet
  2 sea snake zombies (Hell)
  3 unseen horrors
  A tormentor (Abyss:2)
  4 tengu conjurers
  An anaconda simulacrum (Coc:1)
  An ancient zyme (Abyss:5)
  2 guardian mummies
  An iron giant simulacrum (Coc:1)
  A red devil (Hell)
  4 trolls
  3 hydra zombies (Hell)
  4 meliai
  27 yaktaurs
  A wind drake (shapeshifter) (Elf:3)
  2 golden dragon simulacra (Coc:1)
  A troll (shapeshifter) (D:13)
  A yellow draconian skeleton (Crypt:2)
  4 polar bears (Lair:5)
  3 spectral jumping spiders (Spider:4)
  A merfolk (shapeshifter) (Vaults:4)
  A sphinx simulacrum (Depths:2)
  A queen bee (Lair:2)
  A wind drake (Lair:5)
  19 raiju
  A tengu simulacrum (Vaults:4)
  8 hornets
  11 tyrant leeches
  3 spectral tarantellas (Spider:4)
  A harpy skeleton (Crypt:2)
  4 tarantella zombies (Spider:4)
  A spectral culicivora (Spider:4)
  2 hydra skeletons
  2 alligator zombies
  30 saltlings (Desolation)
  Prince Ribbit (Lair:3)
  A tarantella (shapeshifter) (Vaults:4)
  17 tarantellas
  A stone giant simulacrum (Coc:1)
  A jumping spider zombie (Spider:4)
  A snapping turtle (Lair:5)
  6 dream sheep (Lair:4)
  A culicivora zombie (Spider:4)
  19 jumping spiders
  14 blink frogs
  Sigmund (D:2)
  2 shadows
  A dire elephant simulacrum (Abyss:2)
  An air elemental (Elf:2)
  3 centaur simulacra
  50 slime creatures
  A flying skull (Crypt:3)
  A jumping spider (shapeshifter) (D:14)
  4 wraiths
  A meliai zombie (Crypt:2)
  6 spriggans
  41 yaks
  16 culicivoras
  A culicivora (shapeshifter) (Vaults:5)
  6 water elementals
  5 ynoxinuls (Abyss:2)
  A yak (shapeshifter) (Vaults:5)
  9 wyverns
  3 fire elementals
  5 fire bats
  12 basilisks
  3 chaos spawn
  A neqoxec (Abyss:2)
  19 vampire mosquitoes
  7 steam dragons
  28 redbacks
  5 death yak simulacra (IceCv)
  A two-headed ogre zombie (Crypt:1)
  A swamp worm (shapeshifter) (Vaults:4)
  4 wargs
  2 nagas (Abyss:2)
  18 swamp worms
  5 harpy simulacra
  A fire bat skeleton (Crypt:2)
  5 hell hounds
  2 glowing shapeshifter zombies
  14 water moccasins
  A water nymph zombie (Crypt:1)
  4 acid dragons
  2 hydra simulacra (IceCv)
  9 swamp drakes
  30 orc warriors
  A sky beast (D:8)
  15 ogres
  A sky beast (shapeshifter) (D:14)
  An ettin simulacrum (Coc:1)
  2 ice beasts
  A fire dragon simulacrum (Coc:1)
  8 small abominations
  8 boggarts
  A dream sheep skeleton (Crypt:1)
  11 centaurs
  2 black bears
  A manticore skeleton (Crypt:2)
  An elephant skeleton (Crypt:3)
  3 phantoms
  A draconian zombie (Crypt:1)
  7 kobold brigands
  8 bullfrogs
  A rime drake skeleton (Crypt:2)
  A cyclops zombie (Crypt:3)
  3 necrophages
  4 earth elementals
  A scorpion (D:5)
  3 cane toad simulacra (IceCv)
  A naga simulacrum (Coc:1)
  19 wights
  2 troll zombies (D:11)
  6 elephant simulacra (IceCv)
  31 killer bees
  2 electric eels
  10 howler monkeys
  A yak skeleton (Crypt:3)
  4 crimson imps (Gauntlet)
  A hound (D:6)
  2 quasits (Abyss:2)
  4 gnoll boudas
  2 iron imps (Abyss:2)
  A jelly (D:5)
  15 orc priests
  A sleepcap (D:7)
  A black bear skeleton (Crypt:2)
  5 iguanas
  19 orc wizards
  13 hell rats
  3 polar bear simulacra (IceCv)
  2 troll simulacra (IceCv)
  A spriggan simulacrum (IceCv)
  4 wolf simulacra
  6 ogre zombies (D:11)
  A deep dwarf skeleton (Crypt:1)
  12 mummies (Crypt:3)
  18 gnolls
  12 adders
  A howler monkey skeleton (Crypt:2)
  A river rat (D:9)
  5 white imps
  4 ufetubi
  3 worms (D:2)
  2 dart slugs
  100 orcs
  7 ball pythons
  4 endoplasms
  7 giant cockroaches
  6 goblins
  11 hobgoblins
  11 jackals (D:1)
  4 quokkas
  6 bats
  14 frilled lizards
  2 goblin skeletons (D:11)
  2 goblin zombies (D:11)
  2 hobgoblin skeletons (D:11)
  2 hobgoblin zombies (D:11)
  20 kobolds
  4 orc skeletons (D:11)
  12 orc zombies (D:11)
  8 rats
  10 starspawn tentacles
2594 creatures vanquished.

Vanquished Creatures (others)
  A deep elf high priest (Elf:3)
  A juggernaut simulacrum (Coc:1)
  A boulder beetle (D:13)
  A death knight (Crypt:3)
  A shadow wraith (D:13)
  A smoke demon (Hell)
  A storm dragon simulacrum (Coc:1)
  2 bloated husks
  A dire elephant simulacrum (Coc:1)
  An air elemental (Elf:1)
  An ettin simulacrum (Coc:1)
  An iron imp (Abyss:2)
  A hell rat (Hell)
  3 orcs (Orc:2)
  5 briar patches
  25 demonic plants
  20 foxfires
  53 fungi
  50 plants
  9 starspawn tentacles (Abyss:5)
  6 withered plants (D:15)
185 creatures vanquished.

Grand Total: 2779 creatures vanquished

Notes
Turn   | Place    | Note
-------+----------+-------------------------------------------
     0 | D:5      | freelancePsychic the Vine Stalker Delver began the quest
                  | for the Orb.
     0 | D:5      | Reached XP level 1. HP: 11/11 MP: 2/2
   101 | D:3      | Reached XP level 2. HP: 16/16 MP: 3/3
   125 | D:2      | Found an ornate altar of the Wu Jian Council.
   310 | D:1      | Reached XP level 3. HP: 20/20 MP: 4/4
  1161 | D:2      | Noticed Sigmund
  1398 | D:2      | Gained mutation: Your natural rate of healing is unusually
                  | fast. [Vine Stalker growth]
  1398 | D:2      | Reached XP level 4. HP: 24/24 MP: 5/5
  1412 | D:2      | Found a faded altar of an unknown god.
  1491 | D:2      | Killed Sigmund
  1492 | D:2      | Reached XP level 5. HP: 29/29 MP: 6/6
  1492 | D:2      | Reached XP level 6. HP: 33/33 MP: 7/7
  1718 | D:2      | Identified a scroll of acquirement
  1724 | D:2      | Acquired a +1 quick blade of venom
  2074 | D:3      | Found a hide-covered altar of Uskayaw.
  2395 | D:3      | Found a burning altar of Makhleb.
  2395 | D:3      | Noticed a green death
  2436 | D:3      | Became a worshipper of Uskayaw the Reveller
  2532 | D:4      | Reached * piety under Uskayaw
  2603 | D:4      | Reached ** piety under Uskayaw
  2790 | D:4      | Reached XP level 7. HP: 34/37 MP: 8/8
  3134 | D:5      | Reached skill level 5 in Short Blades
  3134 | D:5      | Reached skill level 1 in Invocations
  3208 | D:5      | Acquired 1107 gold pieces
  3397 | D:5      | Reached skill level 2 in Invocations
  4009 | D:6      | Gained mutation: You have razor-sharp teeth. [Vine Stalker
                  | growth]
  4009 | D:6      | Reached XP level 8. HP: 42/42 MP: 10/10
  4012 | D:6      | Reached *** piety under Uskayaw
  4031 | D:6      | Reached **** piety under Uskayaw
  4075 | D:6      | Reached skill level 5 in Fighting
  4097 | D:6      | Reached skill level 3 in Invocations
  4100 | D:6      | Reached ***** piety under Uskayaw
  4237 | D:6      | Found a staircase to the Ecumenical Temple.
  4737 | D:7      | Reached skill level 4 in Invocations
  4773 | D:7      | Found a broken altar of Ashenzari.
  4823 | D:7      | Reached XP level 9. HP: 48/48 MP: 13/13
  5034 | D:7      | Found a shimmering blue altar of Sif Muna.
  5170 | D:7      | Found an ornate altar of the Wu Jian Council.
  5306 | D:8      | Reached skill level 5 in Invocations
  5337 | D:8      | Noticed a boulder beetle
  5355 | D:8      | Killed a boulder beetle
  5355 | D:8      | Reached ****** piety under Uskayaw
  5356 | D:8      | Reached skill level 6 in Invocations
  5357 | D:8      | Reached XP level 10. HP: 17/55 MP: 3/15
  6051 | D:8      | Reached skill level 7 in Invocations
  6194 | D:8      | Found a shimmering altar of Xom.
  6626 | D:9      | Reached skill level 5 in Dodging
  6789 | D:9      | Reached XP level 11. HP: 55/60 MP: 17/17
  6930 | D:9      | Reached skill level 8 in Invocations
  7148 | D:9      | Noticed a death yak
  7149 | D:9      | Found a staircase to the Lair.
  7151 | D:9      | Noticed a death yak
  7151 | D:9      | Noticed a death yak
  7168 | D:9      | Killed a death yak
  7180 | D:9      | Killed a death yak
  7192 | D:9      | Killed a death yak
  7535 | D:10     | Entered Level 10 of the Dungeon
  7653 | D:10     | Noticed a tengu warrior
  7771 | D:10     | Killed a tengu warrior
  7800 | D:10     | Found a portal to a secret trove of treasure.
  7892 | D:10     | Found a basalt altar of Yredelemnul.
  7936 | D:10     | Found a sacrificial altar of Ru.
  7942 | D:10     | Found a glowing silver altar of Zin.
  8465 | D:11     | Noticed Sonja
  8591 | D:11     | Reached skill level 9 in Invocations
  8601 | D:11     | Killed Sonja
  8602 | D:11     | Reached skill level 5 in Shields
  8630 | D:11     | Found a staircase to the Orcish Mines.
  8696 | D:11     | Noticed a two-headed ogre
  8697 | D:11     | Noticed a cyclops
  8758 | D:11     | Noticed a two-headed ogre
  8771 | D:11     | Killed a two-headed ogre
  8772 | D:11     | Reached XP level 12. HP: 60/67 MP: 19/19
  9318 | Lair:1   | Entered Level 1 of the Lair of Beasts
  9972 | Lair:2   | Noticed Urug
  9988 | Lair:2   | Killed Urug
  9990 | Lair:2   | Reached skill level 10 in Fighting
 10120 | Lair:2   | You fall into a shaft and drop 1 floor!
 10138 | Lair:3   | Identified the +2 scimitar "Syzuf" {antimagic, rElec rPois
                  | rN+ Int-3}
 10198 | Lair:3   | Reached skill level 10 in Invocations
 10343 | Lair:3   | Reached skill level 10 in Shields
 10416 | Lair:3   | Found a staircase to the Swamp.
 10496 | Lair:3   | Noticed Prince Ribbit
 10505 | Lair:3   | Killed Prince Ribbit
 10887 | Lair:2   | Reached skill level 1 in Armour
 10934 | Lair:2   | Identified the +0 ring mail of the Lost Path {Harm rC++
                  | Str-3 SInv}
 10953 | Lair:2   | Found a hole to the Spider Nest.
 11051 | Lair:2   | Reached XP level 13. HP: 72/72 MP: 21/21
 11248 | Lair:2   | Got Sif Muna's Atlas of Hyperthermia and Hail
 11661 | Lair:4   | Found a frozen archway.
 11712 | Lair:4   | Reached skill level 11 in Invocations
 11792 | IceCv    | Entered an ice cave
 12113 | IceCv    | Found an ancient bone altar of Kikubaaqudgha.
 12272 | IceCv    | Reached skill level 5 in Armour
 12703 | Lair:4   | Reached XP level 14. HP: 75/79 MP: 20/23
 13268 | Lair:5   | Entered Level 5 of the Lair of Beasts
 13305 | Lair:5   | Found a viscous altar of Jiyva.
 13306 | Lair:5   | Found a staircase to the Slime Pits.
 13424 | Lair:5   | Paralysed by a hornet for 1 turns
 14179 | Lair:5   | Identified the +7 trident of the Onslaught {spect, Int+4}
 14588 | D:12     | Reached skill level 10 in Dodging
 14593 | D:12     | Found a flickering gateway to a bazaar.
 14628 | Bazaar   | Entered a bazaar
 14648 | Bazaar   | Found Onurph's General Store.
 14648 | Bazaar   | Found Qawnyczo's Distillery.
 14649 | Bazaar   | Found Wireilok's Antique Weapon Boutique.
 14680 | Bazaar   | Found Qettyrak's Weapon Shop.
 14699 | Bazaar   | Bought the +1 helmet of Articulation {rElec Will+} for 261
                  | gold pieces
 14721 | Bazaar   | Bought a potion of might for 48 gold pieces
 14721 | Bazaar   | Bought a potion of berserk rage for 60 gold pieces
 14721 | Bazaar   | Bought a potion of invisibility for 96 gold pieces
 14721 | Bazaar   | Bought a potion of curing for 36 gold pieces
 15423 | D:13     | Reached skill level 12 in Invocations
 15489 | D:13     | Found a gate leading to a gauntlet.
 15498 | Gauntlet | Entered a Gauntlet
 15498 | Gauntlet | Found a transporter.
 15498 | Gauntlet | Found a transporter.
 15498 | Gauntlet | Found a transporter.
 15508 | Gauntlet | Found a transporter.
 15511 | Gauntlet | Found a transporter.
 15519 | Gauntlet | Found a transporter.
 15522 | Gauntlet | Found a transporter.
 15539 | Gauntlet | Found a transporter.
 15548 | Gauntlet | Found a transporter.
 15554 | Gauntlet | Found a transporter.
 15556 | Gauntlet | Found a transporter.
 15558 | Gauntlet | Found a runed translucent gate.
 15558 | Gauntlet | Found a runed translucent gate.
 15559 | Gauntlet | Found a large runed translucent door.
 15559 | Gauntlet | Found a large runed translucent door.
 15560 | Gauntlet | Found a large runed translucent door.
 15561 | Gauntlet | Found a large runed translucent door.
 15562 | Gauntlet | Found a large runed translucent door.
 15562 | Gauntlet | Found a large runed translucent door.
 15562 | Gauntlet | Found a runed translucent door.
 15563 | Gauntlet | Found a large runed translucent door.
 15564 | Gauntlet | Found a large runed translucent door.
 15566 | Gauntlet | Found a transporter.
 15567 | Gauntlet | Found a runed translucent gate.
 15567 | Gauntlet | Found a runed translucent door.
 15605 | Gauntlet | Found a large runed translucent door.
 15605 | Gauntlet | Found a large runed translucent door.
 15606 | Gauntlet | Found a large runed translucent door.
 15607 | Gauntlet | Found a large runed translucent door.
 15608 | Gauntlet | Found a large runed translucent door.
 15608 | Gauntlet | Found a large runed translucent door.
 15609 | Gauntlet | Found a large runed translucent door.
 15610 | Gauntlet | Found a large runed translucent door.
 15668 | Gauntlet | Identified the +1 robe of the Hammering Gods {rPois}
 15881 | Gauntlet | Identified the +1 helmet of Ykithryu {Drain rElec rCorr}
 15933 | Gauntlet | Identified the staff of fire "Buttuk" {rF+ rC+ Int+6
                  | Stlth-}
 15933 | Gauntlet | Identified the staff of air "Jupyad" {rElec rN+}
 15934 | Gauntlet | Got the Precepts of Shaping and Heat
 16254 | D:13     | Reached XP level 15. HP: 31/84 MP: 10/25
 16284 | D:13     | Identified the +7 chain mail of the Guild-Master {rF+
                  | Int+6}
 17282 | D:14     | Identified the +1 dagger "Paeneiti" {heavy, Will+ Int+4
                  | SInv}
 17467 | D:14     | Found a gate to the Vaults.
 17856 | D:14     | Found a white marble altar of Elyvilon.
 17918 | D:14     | Reached skill level 13 in Invocations
 18327 | D:15     | Entered Level 15 of the Dungeon
 18586 | D:15     | Found a staircase to the Depths.
 18996 | D:15     | Found a blossoming altar of Fedhas.
 19341 | Orc:1    | Entered Level 1 of the Orcish Mines
 19825 | Orc:2    | Entered Level 2 of the Orcish Mines
 19842 | Orc:2    | Reached XP level 16. HP: 91/91 MP: 27/27
 20029 | Orc:2    | Found Hoifoko's Antique Weapon Emporium.
 20057 | Orc:2    | Found Jedarph's Book Boutique.
 20092 | Orc:2    | Found a staircase to the Elven Halls.
 20294 | Orc:2    | Found Wacus's General Store.
 20325 | Orc:2    | Bought a scroll of brand weapon for 142 gold pieces
 20325 | Orc:2    | Bought a scroll of teleportation for 45 gold pieces
 20386 | Orc:2    | Reached skill level 14 in Invocations
 20499 | Orc:2    | Found Epoebli's Antique Armour Shoppe.
 20541 | Orc:2    | Found Sigoh's Antique Armour Shoppe.
 20797 | Orc:2    | Bought gold dragon scales for 2160 gold pieces
 20957 | Orc:1    | Found Nudovuw's Jewellery Shoppe.
 21234 | Elf:1    | Entered Level 1 of the Elven Halls
 21297 | Elf:1    | Found Gamudui's Book Emporium.
 21311 | Elf:1    | Bought a manual of Invocations for 1200 gold pieces
 21353 | Elf:1    | Found a transporter.
 21364 | Elf:1    | Noticed a deep elf blademaster
 21368 | Elf:1    | Noticed a daeva
 21375 | Elf:1    | Reached skill level 10 in Armour
 21376 | Elf:1    | Noticed Fabaskic's ghost (journeyman FoFi)
 21404 | Elf:1    | Identified the +1 leather armour of the Riding Gods {+Inv
                  | Dex+4}
 21634 | Elf:1    | Found Yvokh's Assorted Antiques.
 21637 | Elf:1    | Bought a heavily runed scarf for 260 gold pieces
 21637 | Elf:1    | Identified the scarf "Saguklic" {+Inv, rF+ Will- Int+2}
                  | (You bought it in a shop on level 1 of the Elven Halls)
 21702 | Elf:1    | Found a transporter.
 21704 | Elf:1    | Noticed a tentacled starspawn
 21864 | Elf:1    | Reached skill level 15 in Invocations
 21905 | Elf:1    | Found Zofroada's Jewellery Shop.
 21905 | Elf:1    | Found Iduam's Book Shoppe.
 21906 | Elf:1    | Found Virerph's Jewellery Shop.
 22049 | Elf:1    | Found a one-way gate to the infinite horrors of the Abyss.
 22334 | Elf:2    | Found a huge runed translucent gate.
 22334 | Elf:2    | Found a huge runed translucent gate.
 22334 | Elf:2    | Found a huge runed translucent gate.
 22334 | Elf:2    | Found a huge runed translucent gate.
 22335 | Elf:2    | Found a huge runed translucent gate.
 22415 | Elf:2    | Found Nijumam's Distillery.
 22424 | Elf:2    | Bought a potion of might for 44 gold pieces
 22487 | Elf:2    | Paralysed by an air elemental for 1 turns
 22728 | Elf:3    | Entered Level 3 of the Elven Halls
 22745 | Elf:3    | Reached XP level 17. HP: 90/98 MP: 29/29
 22758 | Elf:3    | Reached skill level 16 in Invocations
 23218 | Elf:3    | Reached skill level 15 in Fighting
 23256 | Elf:3    | Found Inegouca's Jewellery Shoppe.
 23314 | Elf:3    | Noticed a deep elf blademaster
 23333 | Elf:3    | Killed a deep elf blademaster
 23433 | Elf:3    | Found Bonnetzizxe's Distillery.
 23507 | Elf:3    | Identified the +1 long sword of the End of Times {venom,
                  | Contam rPois rF+ Int+3}
 23507 | Elf:3    | Identified the ring "Vemeheoxe" {rElec rC+ MP+9 Int-2}
 23512 | Elf:3    | Noticed a deep elf master archer
 23518 | Elf:3    | Noticed a Hell Sentinel
 23527 | Elf:3    | Identified the ring of Xetzakk {Fire Int+2}
 23527 | Elf:3    | Noticed a deep elf blademaster
 23528 | Elf:3    | Noticed a Hell Sentinel
 23534 | Elf:3    | Killed a deep elf blademaster
 23554 | Elf:3    | Killed a deep elf master archer
 23622 | Elf:3    | Noticed a deep elf blademaster
 23631 | Elf:3    | Killed a deep elf blademaster
 23703 | Elf:3    | Got the Octavo of the Slug
 23732 | Elf:3    | Identified the +3 buckler "Raelouw" {Regen+}
 23842 | Elf:3    | Identified the +3 short sword "Idylecug" {freeze, Fly Str+3
                  | Int-3 Stlth+}
 24248 | Swamp:1  | Entered Level 1 of the Swamp
 24248 | Swamp:1  | Noticed Jorgrun
 24265 | Lair:3   | Killed Jorgrun
 24503 | Swamp:1  | Reached XP level 18. HP: 105/105 MP: 31/31
 24704 | Swamp:1  | Identified the +9 hand axe of the Kissing Enemy {freeze,
                  | rN+}
 25213 | Swamp:2  | Noticed a tentacled monstrosity
 25232 | Swamp:1  | Killed a tentacled monstrosity
 25801 | Swamp:2  | Reached skill level 1 in Evocations
 26203 | Swamp:4  | Entered Level 4 of the Swamp
 26358 | Swamp:3  | Acquired 736 gold pieces
 26495 | Swamp:3  | Identified the +0 pair of boots of the Shrieking God {-Tele
                  | rF- Regen+ Int+4}
 27020 | Elf:1    | Bought the ring of the Tortoise {AC+8} for 1792 gold pieces
 27020 | Elf:1    | Found the ring of the Tortoise {AC+8}
 27652 | Swamp:4  | Noticed the 27-headed Lernaean hydra
 27656 | Swamp:4  | Killed the 27-headed Lernaean hydra
 27663 | Swamp:4  | Reached skill level 5 in Evocations
 27741 | Swamp:4  | Reached XP level 19. HP: 111/111 MP: 32/32
 27821 | Swamp:4  | Got a decaying rune of Zot
 27917 | Swamp:4  | Reached skill level 17 in Invocations
 28337 | Spider:1 | Entered Level 1 of the Spider Nest
 28439 | Spider:1 | Noticed Aizul
 28488 | Spider:1 | Killed Aizul
 30040 | Spider:2 | Found the crystal ball of Wucad Mu {*channel}
 30456 | Spider:3 | Reached skill level 15 in Armour
 30662 | Spider:3 | Reached skill level 18 in Invocations
 31375 | Spider:4 | Entered Level 4 of the Spider Nest
 32427 | Spider:4 | Noticed Arachne
 32471 | Spider:4 | Killed Arachne
 32755 | Spider:4 | Noticed Mara
 32757 | Spider:4 | Noticed freelancePsychic's illusion
 32758 | Spider:4 | Reached skill level 19 in Invocations
 32760 | Spider:4 | Reached XP level 20. HP: 96/117 MP: 25/34
 32776 | Spider:4 | Noticed freelancePsychic's illusion
 32784 | Spider:4 | Killed Mara
 32883 | Spider:4 | Got a gossamer rune of Zot
 33550 | Vaults:1 | Entered Level 1 of the Vaults
 34087 | Vaults:1 | Found Orowk's Armour Boutique.
 34681 | Vaults:2 | Found a crumbling gateway.
 34689 | Desolati | Entered the Desolation of Salt
 34784 | Desolati | Reached skill level 20 in Invocations
 34858 | Desolati | Identified the amulet of Hard Scrabble {Will+ Regen+ Int-3
                  | Stlth+}
 35033 | Desolati | Identified the +8 spear of the Breathing Gods {pain, rPois
                  | Str+2}
 35100 | Desolati | Identified the ring "Yqoxti" {rC+ Will+ Int+3 Dex+3}
 35335 | Desolati | Identified the +1 chain mail of the Tormentor {rCorr}
 35337 | Desolati | Got the Collected Works on Transformed Weather
 35339 | Desolati | Got Ileneota's Compendium of Minerals
 35341 | Desolati | Got the Lessons on the Helpful Sixfirhy
 35344 | Desolati | Got the Information on Cinders and Reformation
 35837 | Vaults:2 | Reached XP level 21. HP: 122/124 MP: 36/36
 36720 | Vaults:3 | Found a staircase to the Crypt.
 36720 | Vaults:3 | Found an ancient bone altar of Kikubaaqudgha.
 36721 | Vaults:3 | Found a basalt altar of Yredelemnul.
 36990 | Vaults:3 | Reached skill level 21 in Invocations
 38372 | Vaults:4 | Reached XP level 22. HP: 131/131 MP: 37/37
 38729 | Vaults:4 | Got Sif Muna's Quarto of Cold Distance
 39244 | Depths:1 | Entered Level 1 of the Depths
 39252 | Depths:1 | Found a gateway to Hell.
 39420 | Depths:1 | Acquired a manual of Dodging
 39628 | Depths:1 | Found an iron altar of Okawaru.
 39826 | Depths:1 | Found a one-way gateway to a ziggurat.
 39921 | Depths:1 | Found an ancient bone altar of Kikubaaqudgha.
 40225 | Depths:2 | Reached skill level 22 in Invocations
 40256 | Depths:2 | Noticed a caustic shrike
 40274 | Depths:2 | Killed a caustic shrike
 40972 | Depths:2 | Found a one-way gate leading to the halls of Pandemonium.
 41109 | Depths:2 | Reached XP level 23. HP: 131/137 MP: 39/39
 41384 | Elf:3    | Bought the ring "Usiuk" {+Blink rElec rC+ Str+6} for 832
                  | gold pieces
 41920 | Depths:3 | Noticed a golden dragon
 41920 | Depths:3 | Noticed a golden dragon
 41921 | Depths:3 | Found a transporter.
 42055 | Depths:3 | Found a transporter.
 42511 | Depths:4 | Entered Level 4 of the Depths
 42830 | Depths:4 | Noticed a golden dragon
 42846 | Depths:4 | Killed a golden dragon
 42876 | Depths:4 | Reached skill level 15 in Dodging
 42947 | Depths:4 | Found a gate to the Realm of Zot.
 43041 | Depths:4 | Noticed NeonRainbow's ghost (veteran TrFi)
 43042 | Depths:4 | Found a runed translucent gate.
 43042 | Depths:4 | Identified the ring of Mesenweosh {rElec Will++ Int-5 Dex-4
                  | SInv}
 43043 | Depths:4 | Found a runed translucent gate.
 43044 | Depths:4 | Found a runed translucent gate.
 43229 | Depths:4 | Noticed a golden dragon
 43241 | Depths:4 | Killed a golden dragon
 43565 | Depths:4 | Found a broken altar of Ashenzari.
 43810 | Depths:4 | Found a gate to the Realm of Zot.
 43991 | Depths:4 | Killed NeonRainbow's ghost
 44139 | Depths:4 | Identified the +1 pair of gloves of Music {Will+}
 44524 | Depths:4 | Found a broken altar of Ashenzari.
 44715 | Depths:2 | Voluntarily entered the Abyss.
 44717 | Abyss:1  | Found a corrupted altar of Lugonu.
 45485 | Abyss:2  | Reached XP level 24. HP: 144/144 MP: 39/39
 45489 | Abyss:2  | Reached skill level 23 in Invocations
 45499 | Abyss:2  | Paralysed by you for 2 turns
 45745 | Abyss:2  | Noticed a dread lich
 45755 | Abyss:2  | Killed a dread lich
 45761 | Depths:2 | Escaped the Abyss
 45804 | Depths:2 | Voluntarily entered the Abyss.
 45810 | Abyss:2  | Found a corrupted altar of Lugonu.
 46069 | Abyss:3  | Found a stormy altar of Qazlal.
 46071 | Abyss:3  | Found a corrupted altar of Lugonu.
 46178 | Abyss:4  | Found a corrupted altar of Lugonu.
 46182 | Depths:2 | Escaped the Abyss
 46184 | Depths:2 | Voluntarily entered the Abyss.
 46190 | Abyss:4  | Found a corrupted altar of Lugonu.
 46393 | Depths:2 | Escaped the Abyss
 46452 | Depths:2 | Voluntarily entered the Abyss.
 46457 | Abyss:5  | Found a corrupted altar of Lugonu.
 46518 | Abyss:5  | Got an abyssal rune of Zot
 46612 | Abyss:5  | Found a corrupted altar of Lugonu.
 46663 | Abyss:5  | Found a corrupted altar of Lugonu.
 46749 | Depths:2 | Escaped the Abyss
 46942 | Hell     | Entered the Vestibule of Hell
 46942 | Hell     | Noticed Geryon
 46977 | Hell     | Killed Geryon
 47050 | Hell     | Found a gateway to the decaying netherworld of Tartarus.
 47217 | Hell     | Found a gateway to the ashen valley of Gehenna.
 47230 | Hell     | Reached skill level 24 in Invocations
 47286 | Hell     | Found a gateway to the Iron City of Dis.
 47419 | Hell     | Found a gateway to the freezing wastes of Cocytus.
 47538 | Depths:2 | Upgraded the game from 0.30-a0-1160-g6e42c06551 to
                  | 0.30-a0-1161-g0704695555
 47791 | Crypt:1  | Entered Level 1 of the Crypt
 47936 | Crypt:1  | Reached XP level 25. HP: 150/150 MP: 40/40
 48633 | Crypt:1  | Acquired 1074 gold pieces
 49521 | Crypt:2  | Noticed Donald
 49538 | Crypt:2  | Killed Donald
 49956 | Crypt:3  | Entered Level 3 of the Crypt
 50122 | Crypt:3  | Noticed Saint Roka
 50142 | Crypt:3  | Killed Saint Roka
 50632 | Crypt:3  | Found a staircase to the Tomb.
 50771 | Crypt:3  | Noticed an ancient lich
 50807 | Crypt:3  | Killed an ancient lich
 50855 | Crypt:3  | Identified the staff of air "Gozounuy" {rElec rC+ Will+}
 51018 | Vaults:5 | Entered Level 5 of the Vaults
 51281 | Vaults:4 | Reached XP level 26. HP: 84/155 MP: 32/40
 51313 | Vaults:5 | Noticed an ancient lich
 51460 | Vaults:5 | Killed an ancient lich
 51606 | Vaults:5 | Noticed an ancient lich
 51633 | Vaults:5 | Killed an ancient lich
 51634 | Vaults:5 | Noticed Bai Suzhen
 51671 | Vaults:5 | Killed Bai Suzhen
 51820 | Vaults:5 | Identified the staff of death "Jextaene" {rPois rN+ MP+9
                  | Str-5 Int+5 SInv}
 51866 | Vaults:5 | Acquired the +0 pair of gloves of Love and Death {rPois
                  | Regen+}
 51972 | Vaults:5 | Identified the +8 great sword "Gatuown" {freeze, Drain rF++
                  | rC+ Str-5}
 52007 | Vaults:5 | Identified the +7 dagger of Megalomania {holy, rC++}
 52095 | Vaults:5 | Noticed a dread lich
 52137 | Vaults:5 | Killed a dread lich
 52237 | Vaults:5 | Got a silver rune of Zot
 52705 | Vaults:5 | Reached skill level 15 in Shields
 53149 | Slime:1  | Entered Level 1 of the Pits of Slime
 53244 | Slime:3  | Gained mutation: Your spells are a little easier to cast,
                  | but a little less powerful. [a shining eye]
 53335 | Slime:5  | Entered Level 5 of the Pits of Slime
 53403 | Slime:5  | Found the +7 Spriggan's Knife {stab, EV+4 Stlth+}
 53405 | Slime:5  | Found a viscous altar of Jiyva.
 53406 | Slime:5  | Noticed the Royal Jelly
 53413 | Slime:5  | Killed the Royal Jelly
 53413 | Slime:5  | Found the +3 Elemental Staff {rElec rF+ rC+ AC+3}
 53610 | Slime:5  | Identified the +5 shortbow "Hyriz" {drain, Drain rPois rN+
                  | Will+}
 53622 | Slime:5  | Got a slimy rune of Zot
 53634 | Slime:5  | Acquired the +8 arc blade {discharge, rElec}
 53634 | Slime:5  | Found the +8 arc blade {discharge, rElec}
 53640 | Slime:5  | Identified the +1 war axe of Obeewot {venom, +Blink rF+}
 53654 | Slime:5  | Got the Volume of the Coward and Heat
 53672 | Slime:5  | Identified the +8 spear "Paemukly" {pain, rN+ Dex+3}
 53677 | Slime:5  | Identified the +1 double sword of Pefan {vamp, *Rage rPois
                  | Will++ Stlth+}
 54393 | Coc:1    | Entered Level 1 of Cocytus
 54418 | Coc:1    | Paralysed by a wendigo for 1 turns
 54934 | Zot:1    | Entered Level 1 of the Realm of Zot
 54991 | Zot:1    | Found a transporter.
 55048 | Zot:1    | Reached XP level 27. HP: 148/160 MP: 40/40
 55180 | Zot:1    | Reached skill level 10 in Short Blades
 55303 | Zot:1    | Found a transporter.
 55383 | Zot:1    | Noticed an orb of fire
 55406 | Zot:1    | Killed an orb of fire
 55841 | Zot:2    | You fall into a shaft and drop 2 floors!
 57520 | Zot:3    | Noticed an orb of fire
 57523 | Zot:3    | Gained mutation: Armour fits poorly on your strangely
                  | shaped body. [an orb of fire]
 57537 | Zot:3    | Killed an orb of fire
 57538 | Zot:3    | Lost mutation: Your spells are a little easier to cast, but
                  | a little less powerful. [potion of mutation]
 57538 | Zot:3    | Lost mutation: Armour fits poorly on your strangely shaped
                  | body. [potion of mutation]
 57538 | Zot:3    | Gained mutation: Your body sometimes deteriorates upon
                  | taking damage. [potion of mutation]
 58008 | Zot:2    | Identified the +5 longbow "Tuloirr" {heavy, Str+4}
 58458 | Zot:5    | Entered Level 5 of the Realm of Zot
 58611 | Zot:5    | Reached skill level 25 in Invocations
 59147 | Zot:5    | Acquired 711 gold pieces
 59185 | Zot:5    | Noticed an orb of fire
 59186 | Zot:5    | Noticed an orb of fire
 59192 | Zot:5    | Killed an orb of fire
 59194 | Zot:5    | Killed an orb of fire
 59198 | Zot:5    | Noticed an orb of fire
 59205 | Zot:5    | Noticed an orb of fire
 59211 | Zot:5    | Killed an orb of fire
 59216 | Zot:5    | Killed an orb of fire
 59216 | Zot:5    | Noticed a dread lich
 59239 | Zot:5    | Killed a dread lich
 59245 | Zot:5    | Reached skill level 26 in Invocations
 59341 | Zot:5    | Noticed a dread lich
 59351 | Zot:5    | Killed a dread lich
 59424 | Zot:5    | Reached skill level 27 in Invocations
 59614 | Zot:5    | Got the Orb of Zot
 60199 | D:7      | Noticed Irphinua the pandemonium lord
 60211 | D:7      | Killed Irphinua the pandemonium lord
 60331 | D:$      | Escaped with the Orb!

Illustrated notes

Levels and vault maps discovered:
D:1:      tarquinn_simple_flora_water_e, layout_loops_ring,
          minmay_misc_feat_more_columns, st_stairs_13, minmay_shallow_snake_nest
D:2:      layout_basic, dreamdust_ecumenical_altar_grove, serial_glass,
          glass_columns_c, glass_columns_a, due_unseen_surprise,
          minmay_strange_pillars, item_on_display_a, basic_altar, uniq_sigmund
D:3:      layout_loops_ring, makhleb_altar_promises_db,
          mainiacjoe_overflow_chevrons, hangedman_abyss_or_decor_stabs,
          st_stairs_11
D:4:      layout_basic
D:5:      layout_basic
D:6:      layout_cave_pools, minmay_temple_entry_grid, minmay_lizard_king
D:7:      layout_loops_ring, lemuel_doored_altar, lemuel_blue_sif_altar,
          nicolae_wu_jian_immortal_techniques, chequers_serial_rivers_micro_e
D:8:      layout_gridville, lemuel_crystal_altar, minmay_manual_macuahuitl
D:9:      layout_roguey [special_room_orc], dpeg_lair_monsters
D:10:     layout_long_grid, lemuel_zombie_altar_yredelemnul,
          mainiacjoe_overflow_big_doors, nicolae_trove_entry_isolated,
          nrook_loot_triangle
D:11:     layout_irregular_city, zombieorc2_lemuel, minivault_11, uniq_sonja
D:12:     layout_cave_pods, serial_shops, bzr_entry_lakeside
D:13:     minmay_the_grid_3x3 [minmay_the_grid_dragon_b,
          minmay_the_grid_holed_spiral, minmay_the_grid_all_tris,
          minmay_the_grid_outer_circle, minmay_the_grid_minigrid_small_alt,
          minmay_the_grid_expand, minmay_the_grid_diamond_grid,
          minmay_the_grid_paths, minmay_the_grid_prize_inner_circle],
          layout_long_grid, gauntlet_entry_generic, uniq_lodul
D:14:     layout_basic, skrybe_vaults_entry_preservation, elyvilon_altar_4
D:15:     gammafunk_depths_entry_grave, layout_gridville, fedhas_altar_4
Lair:1:   layout_gridlike, chequers_serial_rivers_micro_e
Lair:2:   layout_roguey [special_room_bee], hellmonk_spider_entry_not_the_bees,
          uniq_urug
Lair:3:   layout_misc_corridors, skrybe_swamp_entry_bodies,
          serial_bayou_lagoon_a, uniq_prince_ribbit2
Lair:4:   layout_roguey, special_room [special_room_mythical_zoo],
          portal_ice_cave_entry_ice_simulacra, grunt_megastairs_3,
          infiniplex_staircase_pool
Lair:5:   gammafunk_lair_ancient_temple, layout_regular_city, slime_entry_1,
          grunt_forest_small_clearings
Swamp:1:  layout_basic_swamp, evilmike_swamp_ruin_rubble_2, swamp_pool5,
          nicolae_swamp_catching_bugs, uniq_jorgrun
Swamp:2:  layout_basic_swamp, evilmike_swamp_ruin_house_4
Swamp:3:  layout_basic_swamp, evilmike_swamp_ruin_house_3
Swamp:4:  grunt_swamp_rune_castle, layout_basic_swamp
Spider:1: layout_chambers, uniq_aizul
Spider:2: layout_spider_delve
Spider:3: layout_spider_delve, nicolae_spider_cling_halls
Spider:4: floodkiller_spider_rune_tomb, spiders_nest_the_unseen, uniq_mara,
          uniq_arachne
Slime:1:  layout_caves, cheibrodos_slime_lost_civilization_6
Slime:2:  layout_caves
Slime:3:  cheibrodos_slime_lost_civilization_10, layout_caves
Slime:4:  layout_caves
Slime:5
Orc:1:    minmay_goldmine, layout_caves, minmay_shop_enchanted_jewellery
Orc:2:    grunt_orc_gardens, layout_caves, grunt_orc_garden, grunt_orc_garden,
          grunt_orc_garden, grunt_orc_garden, serial_shops, shop
Elf:1:    layout_gridlike, serial_shops,
          nicolae_shop_temple_entry_statues_fountains,
          nicolae_shop_tiny_real_fake_doors, gammafunk_ghost_abyssal_escape,
          kennysheep_underground_church, grunt_ministairs_5, minmay_shop_grove
Elf:2:    elven_hall_of_blades_hangedman_alternative
          [infiniplex_blade_entry_pillars], layout_loops_cross, serial_shops,
          nicolae_shop_industrial_runoff
Elf:3:    minmay_elf_hall_furrowed, layout_rooms, serial_shops,
          nicolae_shop_tiny_waterfront, minmay_shop_star, grunt_megastairs_4
Vaults:1: nicolae_vaults_little_squares_3, nicolae_vaults_heart-shaped_vault,
          v_alt_pattern_2, nicolae_vaults_stairing_the_circle,
          hangedman_vaults_locks, nicolae_vaults_mitosis,
          nicolae_vaults_tetromino_L_1, nicolae_vaults_trapezoid_lopsided_1,
          nicolae_vaults_double_plus_3, nicolae_vaults_two_Ls,
          layout_vaults_ring, serial_shops, shop
Vaults:2: portal_desolation_entry_ruin, v_rooms_6, nicolae_vaults_mush_room,
          nicolae_vaults_wrenched, vaults_room_stairs_pillars,
          nicolae_vaults_lightning_bolt, ontoclasm_vaults_loading_screen,
          nicolae_vaults_shelves_hall, hangedman_vaults_restitches,
          ontoclasm_vaults_gateway, layout_vaults_omnigrid
Vaults:3: vaults_mumra_minichess_inversion, vaults_dpeg_cross,
          minmay_crypt_entry_necro_gods, nicolae_vaults_little_squares_6,
          nicolae_vaults_tetromino_T_1, nicolae_vaults_murder_corner,
          nicolae_vaults_circle_grid_a, grunt_vaults_focal,
          nicolae_vaults_trapezoid_3, hangedman_vaults_stretched_pinwheel,
          v_misc_19, v_misc_10, nicolae_vaults_more_shelving_1,
          nicolae_vaults_storage_room_glass, layout_vaults_maze_snakey
Vaults:4: grunt_vaults_hallway_short, ontoclasm_vaults_pinch, st_star,
          v_rooms_1, nicolae_vaults_theta, nicolae_vaults_three_branches,
          nicolae_vaults_triangles, nicolae_vaults_network_star,
          hangedman_vaults_trim, nicolae_vaults_closet_pinwheel_6,
          nicolae_vaults_tangram_1, layout_vaults_omnibox
Vaults:5: uniq_bai_suzhen
Crypt:1:  layout_gridlike, lemuel_nasty_fountain
Crypt:2:  layout_catacombs, minmay_misc_feat_alley, uniq_donald
Crypt:3:  david_glass_crypt, layout_rooms,
          nicolae_tomb_entry_unfolded_pyramid_diagonal,
          minmay_misc_feat_pillars, uniq_saint_roka
Depths:1: layout_cave_shapes, enter_ziggurat_b, hell_entry,
          lemuel_coloured_pillars_altar, grunt_ministairs_15,
          okawaru_altar_gauntlet_db
Depths:2: minmay_ornate_pinched, layout_honeycomb, grunt_hell_entry_dis_mu,
          abyss_entry, grunt_pan_entry_sceptre, grunt_decor_mini_mirrors
Depths:3: gammafunk_sealed_arena, layout_small_grid, grunt_mini_vestibule,
          abyss_entry, infiniplex_staircase_pool_2
Depths:4: grunt_zot_entry_bicorn, layout_honeycomb, pf_hell_entry_tar_spiral,
          ashenzari_altar_1, gammafunk_ghost_tricky_traps,
          hangedman_abyss_or_decor_passed
Hell
Coc:1:    layout_cocytus_water_paths, serial_ice
Coc:2:    layout_ice_bergs
Zot:1:    gammafunk_its_a_trap, layout_misc_corridors
Zot:2:    layout_onion
Zot:3:    layout_onion
Zot:4:    layout_cathedral_of_symmetry, st_single_dragon_hoard_3,
          lemuel_elevator
Zot:5:    layout_gridville

Skill      XL: |  1  2  3  4  5  6  7  8  9 10 11 12 13 14 15 16 17 18 19 20 21 22 23 24 25 26 27 |
---------------+----------------------------------------------------------------------------------+-----
Short Blades   | 2 4 5 7 8 9 14 | 14.0
Fighting       | 3 4 5 7 8 9 10 11 12 13 14 16 17 18 19 20 21 | 21.9
Stealth        | 7 8 9 |  9.1
Invocations    | 2 4 6 7 9 10 11 12 13 15 16 19 20 21 22 24 27 | 27.0
Dodging        | 3 6 7 9 10 13 15 17 | 17.5
Shields        | 6 11 13 15 | 15.7
Armour         | 1 5 7 9 10 13 14 15 16 17 19 20 22 | 22.0
Evocations     | 5 6 |  6.0

Action                     |  1- 3 |  4- 6 |  7- 9 | 10-12 | 13-15 | 16-18 | 19-21 | 22-24 | 25-27 || total
---------------------------+-------+-------+-------+-------+-------+-------+-------+-------+-------++-------
  Melee: Short sword       |   150 |       |       |       |       |       |       |       |       ||   150
         Bite              |    37 |    47 |   118 |   350 |   934 |   719 |  1378 |  1457 |  1572 ||  6612
         Punch             |     2 |     2 |     5 |     7 |       |       |       |       |       ||    16
         Rapier            |     1 |    39 |       |       |       |       |       |       |   974 ||  1014
         Quick blade       |       |   140 |   297 |   846 |  1898 |  1823 |  2495 |  2428 |  1584 || 11511
  Throw: Throwing net      |       |       |       |     3 |       |       |     4 |       |       ||     7
 Invoke: Stomp             |       |       |       |     1 |     6 |     9 |     8 |     2 |     5 ||    31
         Grand Finale      |       |       |       |     1 |     3 |     6 |     2 |     1 |     7 ||    20
         Line Pass         |       |       |       |       |     4 |     1 |     2 |     2 |     1 ||    10
  Evoke: Wand              |     1 |       |       |     3 |     1 |     1 |       |     5 |     3 ||    14
         Tin of tremorston |       |       |       |       |       |       |     3 |       |     2 ||     5
         Phial of floods   |       |       |       |       |       |       |       |       |     1 ||     1
    Use: Scroll            |     2 |     9 |     7 |     7 |    10 |    12 |     8 |     6 |    13 ||    74
         Potion            |       |       |       |     2 |     1 |     6 |     2 |       |    13 ||    24
   Stab: Sleeping          |     8 |     6 |    14 |     9 |    11 |       |       |       |       ||    48
         Distracted        |     2 |       |       |     6 |     2 |       |       |       |       ||    10
         Paralysed         |       |       |    13 |    52 |    88 |   104 |   184 |   201 |   186 ||   828
         Held in net/web   |       |       |       |     4 |       |       |     1 |       |       ||     5
         Confused          |       |       |       |       |     2 |       |     2 |     2 |     1 ||     7
         Invisible         |       |       |       |       |     2 |     6 |       |       |       ||     8
 Armour: Leather armour    |    41 |    13 |       |       |       |       |       |       |       ||    54
         Ring mail         |       |    16 |    27 |    29 |       |       |       |       |       ||    72
         Steam dragon scal |       |       |       |    26 |   166 |       |       |       |       ||   192
         Acid dragon scale |       |       |       |       |    40 |       |       |       |       ||    40
         Chain mail        |       |       |       |       |   127 |    61 |       |       |       ||   188
         Gold dragon scale |       |       |       |       |       |   760 |  1142 |  1091 |  1181 ||  4174
  Dodge: Dodged            |   105 |   100 |    93 |   236 |   577 |   669 |   784 |   788 |   802 ||  4154
  Block: Buckler           |       |       |       |    75 |   381 |   515 |   794 |   824 |   816 ||  3405

Table legend: (Time is in decaauts)
 A = Elapsed time spent in this place.
 B = Non-inter-level travel time spent in this place.
 C = Inter-level travel time spent in this place.
 D = Time resting spent in this place.
 E = Time spent auto-exploring this place.
 F = Levels seen in this place.
 G = Mean time per level.
                   A        B        C        D        E       F      G
               +--------+--------+--------+--------+--------+-----+--------+
         Total |  53736 |  47016 |   6720 |   1094 |  33492 |  70 |  767.7 |
       Dungeon |  13731 |  11479 |   2252 |      0 |   8991 |  15 |  915.4 |
          Lair |   4584 |   3963 |    621 |    203 |   2911 |   5 |  916.8 |
         Swamp |   3182 |   2862 |    320 |     19 |   2029 |   4 |  795.5 |
   Spider Nest |   4216 |   3830 |    386 |     22 |   2871 |   4 | 1054.0 |
    Slime Pits |    763 |    649 |    114 |     20 |    374 |   5 |  152.6 |
  Orcish Mines |   1883 |   1399 |    484 |      0 |   1031 |   2 |  941.5 |
   Elven Halls |   3024 |   2436 |    588 |     97 |   1691 |   3 | 1008.0 |
        Vaults |   5936 |   5259 |    677 |     84 |   3719 |   5 | 1187.2 |
         Crypt |   2654 |   2480 |    174 |      0 |   1735 |   3 |  884.7 |
        Depths |   5128 |   4428 |    700 |    212 |   3214 |   4 | 1282.0 |
          Hell |    632 |    568 |     64 |    113 |    258 |   1 |  632.0 |
       Cocytus |    280 |    258 |     22 |      0 |    203 |   2 |  140.0 |
           Zot |   4465 |   4151 |    314 |     43 |   3129 |   5 |  893.0 |
         Abyss |   1522 |   1522 |      0 |    181 |    500 |   8 |  190.2 |
        Bazaar |    100 |    100 |      0 |      0 |     56 |   1 |  100.0 |
      Ice Cave |    566 |    566 |      0 |      0 |    266 |   1 |  566.0 |
    Desolation |    641 |    641 |      0 |      0 |    333 |   1 |  641.0 |
      Gauntlet |    422 |    422 |      0 |    100 |    175 |   1 |  422.0 |
               +--------+--------+--------+--------+--------+-----+--------+

Top non-repeatable levels by time:
Depths:4: 1908 daAuts
Depths:2: 1496 daAuts
Vaults:4: 1412 daAuts
Spider:1: 1383 daAuts
    D:13: 1362 daAuts
Spider:4: 1336 daAuts
Vaults:3: 1264 daAuts
    D:14: 1240 daAuts
   Zot:4: 1237 daAuts
   Elf:3: 1209 daAuts
     D:8: 1201 daAuts
Vaults:5: 1145 daAuts
   Orc:2: 1124 daAuts
Vaults:2: 1101 daAuts
   Zot:5: 1070 daAuts
